Map: Catalyst LE

Players

Lillekanin - Winner!

  • Race: Terran Terran
  • Spawn Location: 11:00

DnS

  • Race: Protoss Protoss
  • Spawn Location: 5:00

Event: WCS Valencia 2018

VOD

Have the link to the VOD?

Description

Time

  • Played on: July 12, 2018, 7:24 a.m.
  • Length: 5:07

All games in this series

Show
View Real Time Build Order
Export as new Build Order

Lillekanin Terran - Winner!

Build Orders: Cyclone Opening 

Get SALT Encoding   

  12  0:00  SCV  
  13  0:12  SCV  
  14  0:18  Supply Depot  
  14  0:24  SCV  
  15  0:30  Refinery  
  15  0:40  SCV  
  16  0:48  Barracks  
  16  0:52  SCV  
  17  1:04  SCV  
  18  1:11  Refinery  
  18  1:16  SCV  
  19  1:35  Barracks Tech Lab, Orbital Command  
  19  1:43  Factory  
  19  1:51  Bunker  
  19  1:55  Marauder  
  21  2:06  Supply Depot  
  21  2:14  Concussive Shells  
  21  2:24  Marauder  
  21  2:29  SCV  
  24  2:42  Cyclone  
  26  2:49  Marauder  
  28  2:56  SCV  
  28  2:57  Bunker  
  29  3:08  SCV  
  29  3:12  Marauder  
  29  3:20  SCV  
  30  3:27  Cyclone  
  30  3:33  Starport  
  34  3:34  Supply Depot  
  34  3:38  Marauder  
  35  3:44  SCV  
  36  3:59  Cyclone  
  36  4:00  Marauder  
  41  4:21  Marauder  
  43  4:31  Cyclone  
Show
View Real Time Build Order
Export as new Build Order

DnS Protoss 

Build Orders: 1 Gate Expand 

Get SALT Encoding   

  12  0:00  Probe  
  13  0:12  Probe  
  14  0:17  Pylon  
  14  0:24  Probe  
  15  0:32  Probe  
  15  0:37  Gateway  
  15  0:40  Probe  
  16  0:46  Assimilator  
  17  0:51  Probe  
  18  1:03  Probe  
  19  1:15  Probe  
  20  1:25  Nexus  
  20  1:33  Cybernetics Core  
  20  1:40  Zealot  
  22  1:48  Pylon  
  22  1:50  Probe  
  23  1:55  Assimilator  
  23  2:00  Stalker  
  23  2:06  Probe  
  26  2:18  Probe  
  27  2:27  Stalker  
  27  2:30  Shield Battery  
  27  2:32  Shield Battery  
  27  2:55  Stalker  
  27  2:56  Probe  
  28  3:16  Stalker  
  28  3:36  Robotics Facility  
  28  3:40  Probe  
  29  3:43  Probe  
  29  3:45  Stalker  
  32  3:57  Probe  
  32  4:00  Probe  
  34  4:06  Pylon  
  34  4:10  Probe  
  34  4:12  Probe  
  34  4:16  Immortal  
  36  4:28  Probe  
Tags
 
Add a new tag
Caveats
  • Supply blocks, unpowered buildings, or Contaminate may cause inaccurate times.
  • Supply counts are checked every 10 seconds.